Sharks vs Oilers

Created - December 10 2011 at 19:01

Goals
1 2 3 OT1 T
Sharks 1 0 3 0 4
Oilers 0 2 2 1 5
Shots
1 2 3 OT1 T
Sharks 13 3 10 0 26
Oilers 4 6 16 1 27

Period #1

1. Sharks , Tyler Ennis 9 (Johnny Boychuk, Francois Beauchemin) at 1:44

Penalties :
Scott Hannan (EDM) for Hooking (Minor) at 8:01, Stephen Weiss (EDM) for Tripping (Minor) at 17:51

Period #2

2. Oilers , Steve Sullivan 6 (Michal Handzus, Radek Dvorak) at 7:09
3. Oilers , Andrew Ladd 12 (Dany Heatley, Stephen Weiss) at 11:32

Penalties :
Roman Hamrlik (EDM) for Tripping (Minor) at 0:26, Scott Hannan (EDM) for Hooking (Minor) at 2:39

Period #3

4. Sharks , Jeff Skinner 15 (Pierre-Alexandre Parenteau, Eric Belanger) at 7:39
5. Oilers , Steve Sullivan 7 (Brent Sopel, Michal Handzus) at 7:47
6. Sharks , Francois Beauchemin 3 (Jeff Skinner, Alex Tanguay) at 13:33 (PP)
7. Oilers , Michal Handzus 5 (Radek Dvorak) at 14:07
8. Sharks , Anthony Stewart 1 (Shane OBrien, Pierre-Alexandre Parenteau) at 19:10

Penalties :
Todd Marchant (EDM) for High sticking (Minor) at 2:26, Johnny Boychuk (SJS) for Interference (Minor) at 8:52, Todd Marchant (EDM) for Hooking (Minor) at 12:21

Overtime #1

9. Oilers , Andrew Ladd 13 (Derek Roy, Karlis Skrastins) at 1:13

Penalties :
No Penalty

Goalie Stats

Martin Brodeur (SJS), 22 saves from 27 shots - (0.815), OTL, 11-13-5, 61:04 minutes
Kari Lehtonen (EDM), 22 saves from 26 shots - (0.846), W, 14-14-3, 61:14 minutes

Players Stats

Sharks
Player Name              G  A  P  +/- PIM S  H  SB FO    MP 
------------------------------------------------------------
Alex Tanguay             0  1  1  -2  0   1  0  0  1/3   24 
Anthony Stewart          1  0  1   0  0   3  0  0  0/3   12 
Blake Comeau             0  0  0   1  0   0  0  0  0/0   16 
Bryan McCabe             0  0  0   0  0   4  1  1  0/0   21 
David Moss               0  0  0  -1  0   1  4  0  6/11  15 
Eric Belanger            0  1  1   1  0   1  0  1  3/7   10 
Francois Beauchemin      1  1  2  -1  0   2  1  2  0/0   24 
Jarret Stoll             0  0  0  -1  0   0  2  0  9/21  17 
Jeff Skinner             1  1  2  -2  0   4  2  0  12/25 23 
Johnny Boychuk           0  1  1  -2  2   0  0  0  0/0   24 
Lauri Korpikoski         0  0  0  -1  0   1  1  1  0/0   12 
Marek Zidlicky           0  0  0  -2  0   2  1  2  0/0   24 
Mark Stuart              0  0  0   1  0   0  1  0  0/0   8  
Pierre-Alexandre Parente 0  2  2   2  0   0  0  0  1/2   11 
Shane Doan               0  0  0   0  0   4  4  1  0/1   18 
Shane OBrien             0  1  1   0  0   1  4  1  0/0   17 
Tyler Ennis              1  0  1  -2  0   2  3  0  0/6   24 
Vladimir Sobotka         0  0  0   0  0   0  1  0  1/1   1  
Oilers
Player Name              G  A  P  +/- PIM S  H  SB FO    MP 
------------------------------------------------------------
Adam Burish              0  0  0  -1  0   0  1  0  0/0   8  
Adrian Aucoin            0  0  0   0  0   0  0  1  0/0   22 
Andrew Ladd              2  0  2   2  0   6  0  0  0/1   16 
Brent Sopel              0  1  1   2  0   1  1  1  0/0   16 
Chris Phillips           0  0  0   0  0   1  1  0  0/0   23 
Dany Heatley             0  1  1   1  0   2  0  0  0/0   16 
Derek Roy                0  1  1  -1  0   1  0  0  13/20 15 
Fernando Pisani          0  0  0   0  0   0  0  0  1/3   5  
Jochen Hecht             0  0  0  -1  0   2  0  0  0/0   17 
Karlis Skrastins         0  1  1   0  0   1  0  2  0/0   20 
Michal Handzus           1  2  3   2  0   2  1  0  13/21 21 
Radek Dvorak             0  2  2   2  0   1  1  0  0/2   16 
Roman Hamrlik            0  0  0   0  2   1  3  3  0/0   21 
Scott Hannan             0  0  0   2  4   0  2  0  0/0   18 
Scott Nichol             0  0  0   0  0   1  1  0  4/9   11 
Stephen Weiss            0  1  1   1  2   1  0  0  14/20 16 
Steve Sullivan           2  0  2   2  0   5  0  0  2/3   16 
Todd Marchant            0  0  0  -2  4   2  1  0  0/1   16 

3 Stars

1 - Michal Handzus (EDM)
2 - Andrew Ladd (EDM)
3 - Steve Sullivan (EDM)

Power Play

Sharks - 1 on 6 Attempt(s) - 16.67%
Oilers - 0 on 1 Attempt(s) - 0.00%

Penalty Kill

Sharks - 1 on 1 Attempt(s) - 100.00% - Score 0 goal in Penalty Kill
Oilers - 5 on 6 Attempt(s) - 83.33% - Score 0 goal in Penalty Kill

Game Notes

No Game Note

Finance

Level 1 -- Attendance: 4912 (75.57%) -- Ticket Income $456,816.00
Level 2 -- Attendance: 4993 (99.86%) -- Ticket Income $234,671.00
Level 3 -- Attendance: 3500 (100.00%) -- Ticket Income $119,000.00
Level 4 -- Attendance: 839 (100.00%) -- Ticket Income $17,619.00
Luxury Box -- Attendance: 748 (74.80%) -- Ticket Income $145,112.00
Game was played at the Rexall Place
Total Attendance: 14992 (89.03%)
Total Ticket Income: $1,046,634.00
Other Income: $221,315.10
Total Income: $1,267,949.00


Play by Play

Period #1

0:01 of 1st period - Jeff Skinner wins face-off versus Stephen Weiss in neutral zone.
0:27 of 1st period - Off-side.
0:28 of 1st period - Derek Roy wins face-off versus Jarret Stoll in neutral zone.
1:38 of 1st period - Shot by Jeff Skinner.
1:38 of 1st period - Stopped by Kari Lehtonen with a rebound.
1:40 of 1st period - Shot by Francois Beauchemin.
1:40 of 1st period - Shot Misses the Net.
1:44 of 1st period - Shot by Tyler Ennis.
1:44 of 1st period - Goal by Tyler Ennis - Sharks : 1 - Oilers : 0.
1:45 of 1st period - Stephen Weiss wins face-off versus David Moss in neutral zone.
2:20 of 1st period - Shot by Dany Heatley.
2:20 of 1st period - Shot Blocked by Francois Beauchemin.
2:22 of 1st period - Shot by Andrew Ladd.
2:22 of 1st period - Stopped by Martin Brodeur without a rebound.
2:23 of 1st period - Michal Handzus wins face-off versus Jeff Skinner in Sharks zone.
2:27 of 1st period - Michal Handzus is hit by Shane OBrien and loses puck.
2:34 of 1st period - Alex Tanguay is hit by Michal Handzus and loses puck.
2:56 of 1st period - Brent Sopel is hit by Jeff Skinner and loses puck.
3:02 of 1st period - Icing by Brent Sopel.
3:03 of 1st period - Michal Handzus wins face-off versus Jarret Stoll in Oilers zone.
3:19 of 1st period - Icing by Marek Zidlicky.
3:20 of 1st period - Stephen Weiss wins face-off versus Jarret Stoll in Sharks zone.
4:01 of 1st period - Shot by Andrew Ladd.
4:01 of 1st period - Shot Blocked by Shane Doan.
4:29 of 1st period - Jochen Hecht is hit by Jeff Skinner and loses puck.
4:38 of 1st period - Johnny Boychuk is hit by Todd Marchant and loses puck.
5:14 of 1st period - Icing by Francois Beauchemin.
5:15 of 1st period - Jeff Skinner wins face-off versus Michal Handzus in Sharks zone.
5:36 of 1st period - Shot by Michal Handzus.
5:36 of 1st period - Shot Misses the Net.
6:28 of 1st period - Shot by Fernando Pisani.
6:28 of 1st period - Shot Blocked by Marek Zidlicky.
6:30 of 1st period - Shot by Scott Nichol.
6:30 of 1st period - Stopped by Martin Brodeur without a rebound.
6:31 of 1st period - Stephen Weiss wins face-off versus Jarret Stoll in Sharks zone.
6:48 of 1st period - Shot by Marek Zidlicky.
6:48 of 1st period - Stopped by Kari Lehtonen without a rebound.
6:49 of 1st period - Derek Roy wins face-off versus Jeff Skinner in Oilers zone.
7:04 of 1st period - Shot by Alex Tanguay.
7:04 of 1st period - Deflect By Jeff Skinner.
7:04 of 1st period - Shot Blocked by Adrian Aucoin.
7:06 of 1st period - Shot by Francois Beauchemin.
7:06 of 1st period - Stopped by Kari Lehtonen without a rebound.
7:07 of 1st period - Michal Handzus wins face-off versus Anthony Stewart in Oilers zone.
7:09 of 1st period - Icing by Steve Sullivan.
7:10 of 1st period - Michal Handzus wins face-off versus Eric Belanger in Oilers zone.
7:10 of 1st period - Michal Handzus is hit by David Moss.
8:01 of 1st period - Minor Penalty to Scott Hannan for Hooking.
8:02 of 1st period - Scott Nichol wins face-off versus Tyler Ennis in Oilers zone.
8:31 of 1st period - Shot by Jeff Skinner.
8:31 of 1st period - Shot Blocked by Roman Hamrlik.
8:33 of 1st period - Shot by Jeff Skinner.
8:33 of 1st period - Stopped by Kari Lehtonen without a rebound.
8:34 of 1st period - Jarret Stoll wins face-off versus Michal Handzus in Oilers zone.
8:37 of 1st period - Shot by Shane OBrien.
8:37 of 1st period - Stopped by Kari Lehtonen without a rebound.
8:38 of 1st period - Jarret Stoll wins face-off versus Michal Handzus in Oilers zone.
8:41 of 1st period - Shot by Shane Doan.
8:41 of 1st period - Stopped by Kari Lehtonen without a rebound.
8:42 of 1st period - Jarret Stoll wins face-off versus Michal Handzus in Oilers zone.
8:43 of 1st period - Shot by Bryan McCabe.
8:43 of 1st period - Stopped by Kari Lehtonen with a rebound.
8:45 of 1st period - Shot by Bryan McCabe.
8:45 of 1st period - Shot Misses the Net.
8:47 of 1st period - Shot by Marek Zidlicky.
8:47 of 1st period - Shot Misses the Net.
8:49 of 1st period - Shot by Bryan McCabe.
8:49 of 1st period - Stopped by Kari Lehtonen without a rebound.
8:50 of 1st period - Jarret Stoll wins face-off versus Scott Nichol in Oilers zone.
8:59 of 1st period - Shot by Bryan McCabe.
8:59 of 1st period - Stopped by Kari Lehtonen without a rebound.
9:00 of 1st period - Michal Handzus wins face-off versus Jeff Skinner in Oilers zone.
10:07 of 1st period - Icing by Brent Sopel.
10:08 of 1st period - David Moss wins face-off versus Radek Dvorak in Oilers zone.
10:15 of 1st period - Shot by Anthony Stewart.
10:15 of 1st period - Stopped by Kari Lehtonen without a rebound.
10:16 of 1st period - Stephen Weiss wins face-off versus Eric Belanger in Oilers zone.
10:37 of 1st period - Off-side.
10:38 of 1st period - Derek Roy wins face-off versus David Moss in neutral zone.
10:38 of 1st period - Derek Roy is hit by David Moss.
10:47 of 1st period - Derek Roy is hit by Shane OBrien and loses puck.
11:10 of 1st period - Shot by Derek Roy.
11:10 of 1st period - Stopped by Martin Brodeur without a rebound.
11:11 of 1st period - Jeff Skinner wins face-off versus Stephen Weiss in Sharks zone.
12:26 of 1st period - Icing by Bryan McCabe.
12:27 of 1st period - Derek Roy wins face-off versus Jarret Stoll in Sharks zone.
13:34 of 1st period - Shot by Michal Handzus.
13:34 of 1st period - Stopped by Martin Brodeur without a rebound.
13:35 of 1st period - Jeff Skinner wins face-off versus Stephen Weiss in Sharks zone.
13:44 of 1st period - Icing by Chris Phillips.
13:45 of 1st period - Stephen Weiss wins face-off versus Jarret Stoll in Oilers zone.
13:55 of 1st period - Shot by Dany Heatley.
13:55 of 1st period - Shot Misses the Net.
14:01 of 1st period - Shot by Dany Heatley.
14:01 of 1st period - Shot Misses the Net.
15:23 of 1st period - Shot by Steve Sullivan.
15:23 of 1st period - Shot Blocked by Marek Zidlicky.
15:58 of 1st period - Off-side.
15:59 of 1st period - Derek Roy wins face-off versus Eric Belanger in neutral zone.
16:53 of 1st period - Icing by Brent Sopel.
16:54 of 1st period - Fernando Pisani wins face-off versus Jeff Skinner in Oilers zone.
16:54 of 1st period - Fernando Pisani is hit by Shane Doan.
17:10 of 1st period - Shot by Shane Doan.
17:10 of 1st period - Shot Misses the Net.
17:14 of 1st period - Shot by Jeff Skinner.
17:14 of 1st period - Stopped by Kari Lehtonen without a rebound.
17:15 of 1st period - Michal Handzus wins face-off versus David Moss in Oilers zone.
17:15 of 1st period - Michal Handzus is hit by David Moss.
17:24 of 1st period - Off-side.
17:25 of 1st period - Jarret Stoll wins face-off versus Stephen Weiss in neutral zone.
17:51 of 1st period - Minor Penalty to Stephen Weiss for Tripping.
17:52 of 1st period - Michal Handzus wins face-off versus Tyler Ennis in Oilers zone.
18:08 of 1st period - Shot by Tyler Ennis.
18:08 of 1st period - Stopped by Kari Lehtonen with a rebound.
19:27 of 1st period - Icing by Johnny Boychuk.
19:28 of 1st period - Jeff Skinner wins face-off versus Scott Nichol in Sharks zone.
19:28 of 1st period - Jeff Skinner is hit by Scott Nichol.
19:52 of 1st period - Shot by Eric Belanger.
19:52 of 1st period - Deflect By Pierre-Alexandre Parenteau.
19:52 of 1st period - Shot Blocked by Brent Sopel.
19:59 of 1st period - Steve Sullivan is hit by Mark Stuart and loses puck.

Period #2

0:01 of 2nd period - Stephen Weiss wins face-off versus Jeff Skinner in neutral zone.
0:26 of 2nd period - Minor Penalty to Roman Hamrlik for Tripping.
0:27 of 2nd period - Jarret Stoll wins face-off versus Scott Nichol in Oilers zone.
1:10 of 2nd period - Shot by Bryan McCabe.
1:10 of 2nd period - Stopped by Kari Lehtonen without a rebound.
1:11 of 2nd period - Jeff Skinner wins face-off versus Scott Nichol in Oilers zone.
1:32 of 2nd period - Shot by Tyler Ennis.
1:32 of 2nd period - Shot Hit the Post.
2:39 of 2nd period - Minor Penalty to Scott Hannan for Hooking.
2:40 of 2nd period - Jarret Stoll wins face-off versus Todd Marchant in Oilers zone.
3:07 of 2nd period - Shot by Shane Doan.
3:07 of 2nd period - Shot Misses the Net.
3:24 of 2nd period - Icing by Alex Tanguay.
3:25 of 2nd period - Michal Handzus wins face-off versus Jeff Skinner in Sharks zone.
3:47 of 2nd period - Off-side.
3:48 of 2nd period - Michal Handzus wins face-off versus Jarret Stoll in neutral zone.
4:38 of 2nd period - Icing by Bryan McCabe.
4:39 of 2nd period - David Moss wins face-off versus Radek Dvorak in Sharks zone.
4:47 of 2nd period - Off-side.
4:48 of 2nd period - Jeff Skinner wins face-off versus Stephen Weiss in neutral zone.
5:20 of 2nd period - Icing by Roman Hamrlik.
5:21 of 2nd period - David Moss wins face-off versus Andrew Ladd in Oilers zone.
6:19 of 2nd period - Shot by Jochen Hecht.
6:19 of 2nd period - Shot Misses the Net.
6:23 of 2nd period - Shot by Jochen Hecht.
6:23 of 2nd period - Deflect By Derek Roy.
6:23 of 2nd period - Shot Misses the Net.
7:05 of 2nd period - Shot by Radek Dvorak.
7:05 of 2nd period - Deflect By Steve Sullivan.
7:05 of 2nd period - Stopped by Martin Brodeur with a rebound.
7:07 of 2nd period - Shot by Michal Handzus.
7:07 of 2nd period - Deflect By Steve Sullivan.
7:07 of 2nd period - Stopped by Martin Brodeur with a rebound.
7:09 of 2nd period - Shot by Steve Sullivan.
7:09 of 2nd period - Goal by Steve Sullivan - Sharks : 1 - Oilers : 1.
7:10 of 2nd period - Eric Belanger wins face-off versus Fernando Pisani in neutral zone.
7:34 of 2nd period - Shot by Eric Belanger.
7:34 of 2nd period - Stopped by Kari Lehtonen without a rebound.
7:35 of 2nd period - Derek Roy wins face-off versus Jeff Skinner in Oilers zone.
7:35 of 2nd period - Derek Roy is hit by Tyler Ennis.
7:44 of 2nd period - Off-side.
7:45 of 2nd period - Stephen Weiss wins face-off versus Tyler Ennis in neutral zone.
9:28 of 2nd period - Shot by Jarret Stoll.
9:28 of 2nd period - Shot Misses the Net.
11:10 of 2nd period - Dany Heatley is hit by Tyler Ennis and loses puck.
11:30 of 2nd period - Shot by Dany Heatley.
11:30 of 2nd period - Shot Misses the Net.
11:32 of 2nd period - Shot by Andrew Ladd.
11:32 of 2nd period - Goal by Andrew Ladd - Sharks : 1 - Oilers : 2.
11:33 of 2nd period - Derek Roy wins face-off versus David Moss in neutral zone.
11:33 of 2nd period - Jochen Hecht is hit by David Moss and loses puck.
11:56 of 2nd period - Shot by David Moss.
11:56 of 2nd period - Stopped by Kari Lehtonen with a rebound.
13:47 of 2nd period - Alex Tanguay is hit by Scott Hannan.
13:56 of 2nd period - Icing by Michal Handzus.
13:57 of 2nd period - Michal Handzus wins face-off versus Anthony Stewart in Oilers zone.
14:23 of 2nd period - Marek Zidlicky is hit by Chris Phillips.
14:44 of 2nd period - Icing by Shane OBrien.
14:45 of 2nd period - Stephen Weiss wins face-off versus Anthony Stewart in Sharks zone.
15:39 of 2nd period - Derek Roy is hit by Shane OBrien.
15:42 of 2nd period - Icing by Lauri Korpikoski.
15:43 of 2nd period - David Moss wins face-off versus Michal Handzus in Sharks zone.
15:50 of 2nd period - Scott Hannan is hit by Lauri Korpikoski and loses puck.
16:01 of 2nd period - Shot by Radek Dvorak.
16:01 of 2nd period - Shot Blocked by Lauri Korpikoski.
16:03 of 2nd period - Shot by Michal Handzus.
16:03 of 2nd period - Shot Misses the Net.
16:16 of 2nd period - Steve Sullivan is hit by Marek Zidlicky and loses puck.
16:19 of 2nd period - Shot by Steve Sullivan.
16:19 of 2nd period - Shot Misses the Net.
17:13 of 2nd period - Shot by Andrew Ladd.
17:13 of 2nd period - Deflect By Dany Heatley.
17:13 of 2nd period - Stopped by Martin Brodeur with a rebound.
17:15 of 2nd period - Shot by Brent Sopel.
17:15 of 2nd period - Stopped by Martin Brodeur without a rebound.
17:16 of 2nd period - Jeff Skinner wins face-off versus Derek Roy in Sharks zone.
18:22 of 2nd period - Shot by Andrew Ladd.
18:22 of 2nd period - Shot Misses the Net.
18:26 of 2nd period - Shot by Andrew Ladd.
18:26 of 2nd period - Shot Misses the Net.
18:50 of 2nd period - Shot by Shane Doan.
18:50 of 2nd period - Shot Hit the Post.
18:52 of 2nd period - Shot by Eric Belanger.
18:52 of 2nd period - Shot Misses the Net.
18:54 of 2nd period - Shot by Shane Doan.
18:54 of 2nd period - Shot Misses the Net.
19:44 of 2nd period - Icing by Shane Doan.
19:45 of 2nd period - Vladimir Sobotka wins face-off versus Derek Roy in Sharks zone.
19:50 of 2nd period - Todd Marchant is hit by Vladimir Sobotka and loses puck.

Period #3

0:01 of 3rd period - Jeff Skinner wins face-off versus Stephen Weiss in neutral zone.
0:11 of 3rd period - Roman Hamrlik is hit by Francois Beauchemin and loses puck.
0:14 of 3rd period - Shot by Stephen Weiss.
0:14 of 3rd period - Shot Misses the Net.
0:16 of 3rd period - Shot by Andrew Ladd.
0:16 of 3rd period - Stopped by Martin Brodeur with a rebound.
0:18 of 3rd period - Shot by Dany Heatley.
0:18 of 3rd period - Stopped by Martin Brodeur without a rebound.
0:19 of 3rd period - Derek Roy wins face-off versus Jarret Stoll in Sharks zone.
0:20 of 3rd period - Shot by Karlis Skrastins.
0:20 of 3rd period - Shot Misses the Net.
0:38 of 3rd period - Shot by Jochen Hecht.
0:38 of 3rd period - Stopped by Martin Brodeur without a rebound.
0:39 of 3rd period - Michal Handzus wins face-off versus Tyler Ennis in Sharks zone.
1:10 of 3rd period - Shot by Alex Tanguay.
1:10 of 3rd period - Stopped by Kari Lehtonen without a rebound.
1:11 of 3rd period - Stephen Weiss wins face-off versus Jarret Stoll in Oilers zone.
1:11 of 3rd period - Stephen Weiss is hit by Shane Doan.
1:33 of 3rd period - Stephen Weiss is hit by Shane Doan and loses puck.
1:50 of 3rd period - Shot by Marek Zidlicky.
1:50 of 3rd period - Deflect By Jarret Stoll.
1:50 of 3rd period - Shot Misses the Net.
2:04 of 3rd period - Off-side.
2:05 of 3rd period - David Moss wins face-off versus Derek Roy in neutral zone.
2:13 of 3rd period - Icing by Adrian Aucoin.
2:14 of 3rd period - Derek Roy wins face-off versus Jeff Skinner in Oilers zone.
2:21 of 3rd period - Shot by Derek Roy.
2:21 of 3rd period - Shot Misses the Net.
2:26 of 3rd period - Minor Penalty to Todd Marchant for High sticking.
2:27 of 3rd period - Michal Handzus wins face-off versus Alex Tanguay in Oilers zone.
4:07 of 3rd period - Shot by Jeff Skinner.
4:07 of 3rd period - Shot Misses the Net.
5:15 of 3rd period - Shot by Stephen Weiss.
5:15 of 3rd period - Shot Blocked by Bryan McCabe.
5:31 of 3rd period - Shot by Stephen Weiss.
5:31 of 3rd period - Shot Misses the Net.
5:33 of 3rd period - Shot by Stephen Weiss.
5:33 of 3rd period - Stopped by Martin Brodeur without a rebound.
5:34 of 3rd period - Derek Roy wins face-off versus Alex Tanguay in Sharks zone.
5:42 of 3rd period - Derek Roy is hit by Shane OBrien and loses puck.
5:47 of 3rd period - Shot by Derek Roy.
5:47 of 3rd period - Deflect By Jochen Hecht.
5:47 of 3rd period - Stopped by Martin Brodeur with a rebound.
5:49 of 3rd period - Shot by Todd Marchant.
5:49 of 3rd period - Stopped by Martin Brodeur without a rebound.
5:50 of 3rd period - Scott Nichol wins face-off versus Jeff Skinner in Sharks zone.
7:31 of 3rd period - Shot by Steve Sullivan.
7:31 of 3rd period - Stopped by Martin Brodeur without a rebound.
7:32 of 3rd period - Eric Belanger wins face-off versus Derek Roy in Sharks zone.
7:39 of 3rd period - Shot by Jeff Skinner.
7:39 of 3rd period - Goal by Jeff Skinner - Sharks : 2 - Oilers : 2.
7:40 of 3rd period - Steve Sullivan wins face-off versus Jeff Skinner in neutral zone.
7:45 of 3rd period - Shot by Brent Sopel.
7:45 of 3rd period - Shot Misses the Net.
7:47 of 3rd period - Shot by Steve Sullivan.
7:47 of 3rd period - Goal by Steve Sullivan - Sharks : 2 - Oilers : 3.
7:48 of 3rd period - Derek Roy wins face-off versus Jarret Stoll in neutral zone.
7:48 of 3rd period - Jochen Hecht is hit by Jarret Stoll and loses puck.
7:53 of 3rd period - Todd Marchant is hit by Shane Doan and loses puck.
8:10 of 3rd period - Shot by Blake Comeau.
8:10 of 3rd period - Shot Blocked by Karlis Skrastins.
8:14 of 3rd period - Shot by Bryan McCabe.
8:14 of 3rd period - Deflect By Shane Doan.
8:14 of 3rd period - Stopped by Kari Lehtonen without a rebound.
8:15 of 3rd period - Alex Tanguay wins face-off versus Michal Handzus in Oilers zone.
8:52 of 3rd period - Minor Penalty to Johnny Boychuk for Interference.
8:53 of 3rd period - Stephen Weiss wins face-off versus Jarret Stoll in Sharks zone.
8:58 of 3rd period - Shot by Karlis Skrastins.
8:58 of 3rd period - Stopped by Martin Brodeur with a rebound.
9:56 of 3rd period - Shot by Roman Hamrlik.
9:56 of 3rd period - Shot Blocked by Shane OBrien.
9:58 of 3rd period - Shot by Chris Phillips.
9:58 of 3rd period - Stopped by Martin Brodeur without a rebound.
9:59 of 3rd period - Eric Belanger wins face-off versus Derek Roy in Sharks zone.
10:16 of 3rd period - Shot by Roman Hamrlik.
10:16 of 3rd period - Deflect By Andrew Ladd.
10:16 of 3rd period - Shot Blocked by Francois Beauchemin.
11:06 of 3rd period - Shot by Michal Handzus.
11:06 of 3rd period - Deflect By Radek Dvorak.
11:06 of 3rd period - Stopped by Martin Brodeur without a rebound.
11:07 of 3rd period - Scott Nichol wins face-off versus Jeff Skinner in Sharks zone.
11:07 of 3rd period - Scott Nichol is hit by Bryan McCabe.
11:12 of 3rd period - Icing by Alex Tanguay.
11:13 of 3rd period - Jeff Skinner wins face-off versus Steve Sullivan in Sharks zone.
11:13 of 3rd period - Alex Tanguay is hit by Radek Dvorak and loses puck.
11:27 of 3rd period - Alex Tanguay is hit by Scott Hannan and loses puck.
11:59 of 3rd period - Icing by Alex Tanguay.
12:00 of 3rd period - Stephen Weiss wins face-off versus Jeff Skinner in Sharks zone.
12:05 of 3rd period - Shot by Andrew Ladd.
12:05 of 3rd period - Stopped by Martin Brodeur with a rebound.
12:07 of 3rd period - Shot by Roman Hamrlik.
12:07 of 3rd period - Stopped by Martin Brodeur without a rebound.
12:08 of 3rd period - David Moss wins face-off versus Derek Roy in Sharks zone.
12:21 of 3rd period - Minor Penalty to Todd Marchant for Hooking.
12:22 of 3rd period - Jarret Stoll wins face-off versus Scott Nichol in Oilers zone.
12:22 of 3rd period - Jarret Stoll is hit by Roman Hamrlik.
12:24 of 3rd period - Shot by Marek Zidlicky.
12:24 of 3rd period - Shot Blocked by Roman Hamrlik.
12:34 of 3rd period - Shot by Marek Zidlicky.
12:34 of 3rd period - Stopped by Kari Lehtonen without a rebound.
12:35 of 3rd period - Scott Nichol wins face-off versus Shane Doan in Oilers zone.
12:45 of 3rd period - Bryan McCabe is hit by Roman Hamrlik and loses puck.
13:02 of 3rd period - Shot by Shane Doan.
13:02 of 3rd period - Stopped by Kari Lehtonen without a rebound.
13:03 of 3rd period - Jeff Skinner wins face-off versus Michal Handzus in Oilers zone.
13:31 of 3rd period - Shot by Francois Beauchemin.
13:31 of 3rd period - Shot Blocked by Karlis Skrastins.
13:33 of 3rd period - Shot by Francois Beauchemin.
13:33 of 3rd period - Goal by Francois Beauchemin - Sharks : 3 - Oilers : 3.
13:34 of 3rd period - Michal Handzus wins face-off versus David Moss in neutral zone.
14:07 of 3rd period - Shot by Michal Handzus.
14:07 of 3rd period - Goal by Michal Handzus - Sharks : 3 - Oilers : 4.
14:08 of 3rd period - Stephen Weiss wins face-off versus Eric Belanger in neutral zone.
14:13 of 3rd period - Shot by Andrew Ladd.
14:13 of 3rd period - Stopped by Martin Brodeur without a rebound.
14:14 of 3rd period - Jeff Skinner wins face-off versus Fernando Pisani in Sharks zone.
14:14 of 3rd period - Jeff Skinner is hit by Adam Burish.
15:33 of 3rd period - Shot by Shane Doan.
15:33 of 3rd period - Stopped by Kari Lehtonen without a rebound.
15:34 of 3rd period - Derek Roy wins face-off versus Jarret Stoll in Oilers zone.
15:50 of 3rd period - Shot by Jarret Stoll.
15:50 of 3rd period - Shot Misses the Net.
15:52 of 3rd period - Shot by Shane OBrien.
15:52 of 3rd period - Shot Misses the Net.
16:17 of 3rd period - Shot by Pierre-Alexandre Parenteau.
16:17 of 3rd period - Shot Misses the Net.
16:27 of 3rd period - Shot by Pierre-Alexandre Parenteau.
16:27 of 3rd period - Shot Misses the Net.
16:29 of 3rd period - Shot by Lauri Korpikoski.
16:29 of 3rd period - Shot Misses the Net.
16:31 of 3rd period - Shot by Lauri Korpikoski.
16:31 of 3rd period - Stopped by Kari Lehtonen without a rebound.
16:32 of 3rd period - Stephen Weiss wins face-off versus Jeff Skinner in Oilers zone.
16:32 of 3rd period - Stephen Weiss is hit by Tyler Ennis.
16:53 of 3rd period - Icing by Johnny Boychuk.
16:54 of 3rd period - Steve Sullivan wins face-off versus Tyler Ennis in Sharks zone.
17:24 of 3rd period - Icing by Steve Sullivan.
17:25 of 3rd period - Jarret Stoll wins face-off versus Michal Handzus in Oilers zone.
17:25 of 3rd period - Jarret Stoll is hit by Brent Sopel.
17:35 of 3rd period - Shot by Jarret Stoll.
17:35 of 3rd period - Shot Misses the Net.
18:09 of 3rd period - Chris Phillips is hit by Jarret Stoll and loses puck.
18:37 of 3rd period - Alex Tanguay is hit by Roman Hamrlik and loses puck.
18:40 of 3rd period - Shot by Francois Beauchemin.
18:40 of 3rd period - Shot Misses the Net.
18:44 of 3rd period - Shot by Jeff Skinner.
18:44 of 3rd period - Shot Blocked by Roman Hamrlik.
19:00 of 3rd period - Sharks, Martin Brodeur is pulled from the net.
19:02 of 3rd period - Shot by Anthony Stewart.
19:02 of 3rd period - Stopped by Kari Lehtonen without a rebound.
19:03 of 3rd period - Pierre-Alexandre Parenteau wins face-off versus Derek Roy in Oilers zone.
19:10 of 3rd period - Shot by Anthony Stewart.
19:10 of 3rd period - Goal by Anthony Stewart - Sharks : 4 - Oilers : 4.
19:10 of 3rd period - Martin Brodeur from Sharks was sent back in the game.
19:11 of 3rd period - Derek Roy wins face-off versus Pierre-Alexandre Parenteau in neutral zone.
19:22 of 3rd period - Shot by Derek Roy.
19:22 of 3rd period - Shot Misses the Net.
19:24 of 3rd period - Shot by Todd Marchant.
19:24 of 3rd period - Stopped by Martin Brodeur with a rebound.
19:28 of 3rd period - Shot by Derek Roy.
19:28 of 3rd period - Shot Misses the Net.
19:30 of 3rd period - Shot by Adrian Aucoin.
19:30 of 3rd period - Shot Blocked by Eric Belanger.

Overtime #1

0:01 of 1st overtime period - Stephen Weiss wins face-off versus Tyler Ennis in neutral zone.
0:26 of 1st overtime period - Shot by Dany Heatley.
0:26 of 1st overtime period - Shot Misses the Net.
1:13 of 1st overtime period - Shot by Andrew Ladd.
1:13 of 1st overtime period - Goal by Andrew Ladd - Sharks : 4 - Oilers : 5.


Output by the SimonT Hockey Simulator (STHS) for Stephane Roy -- Original Page W3C XHTML 1.0 Valid